 Dungeon Crawl Stone Soup version 0.31-a0-234-gad7ace16ef (webtiles) character file.

Game seed: 4158629857203957111

774 qw the Skirmisher (level 7, 0/60 HPs)
             Began as a Minotaur Hexslinger on July 9, 2023.
             Succumbed to a water moccasin's poison
             ... on level 4 of the Dungeon.
             The game lasted 00:01:22 (3176 turns).

qw the Skirmisher (Minotaur Hexslinger)             Turns: 3176, Time: 00:01:22

Health: 0/60       AC: 11    Str: 12    XL:     7   Next: 53%
Magic:  7/7        EV: 11    Int: 10    God:
Gold:   108        SH:  0    Dex: 15    Spells: 7/8 levels left

rFire   + . .        Y - +1 sling (freeze)
rCold   + . .        (no shield)
rNeg    + . .        g - +3 ring mail of Sorcery {rElec rF+ rC+ rN+}
rPois   .            (helmet restricted)
rElec   +            (no cloak)
rCorr   .            (no gloves)
SInv    .            f - +2 pair of boots
Will    .....        (no amulet)
Stlth   +            (no ring)
HPRegen 0.30/turn    (no ring)
MPRegen 0.10/turn

%: no passive effects
@: lethally poisoned (0 -> -10)
A: horns 2, retaliatory headbutt
a: no special abilities


You were on level 4 of the Dungeon.
You visited 1 branch of the dungeon, and saw 4 of its levels.

You collected 175 gold pieces.
You spent 67 gold pieces at shops.


Innate Abilities, Weirdness & Mutations

You have a pair of horns on your head.
You reflexively headbutt those who attack you in melee.


   Skills:
 - Level 4.9 Fighting
 - Level 8.2 Ranged Weapons
 + Level 1.2 Armour
 - Level 2.1 Dodging
 - Level 1.0 Spellcasting
 - Level 2.0 Hexes


You had 7 spell levels left.
You knew the following spells:

 Your Spells              Type           Power      Damage    Failure   Level
a - Slow                  Hex            16%        N/A       34%         1

Your spell library contained the following spells:

 Spells                   Type           Power      Damage    Failure   Level
 Inner Flame              Hex/Fire       2%         N/A       83%         3
 Portal Projectile        Hex/Tloc       4%         N/A       83%         3
 Cause Fear               Hex            2%         N/A       98%         4

Inventory:

Hand Weapons
 Y - a +1 sling of freezing (weapon)
Armour
 f - a +2 pair of boots (worn)
 g - the +3 ring mail of Sorcery (worn) {rElec rF+ rC+ rN+}
   (You found it on level 3 of the Dungeon)

   rF:        It protects you from fire.
   rC:        It protects you from cold.
   rElec:     It insulates you from electricity.
   rN:        It protects you from negative energy.
Scrolls
 b - a scroll of identify
 c - a scroll of enchant armour
Potions
 a - a potion of might
 e - a potion of resistance
 i - a potion of haste {unknown}
 j - 3 potions of curing

Dungeon Overview and Level Annotations

Branches:
Dungeon (4/15)
 Temple: D:4-7

Altars:
Xom

Shops:
D:3 !*?[


Message History

The ice beast hits you but does no damage.
You shoot a sling bullet. The sling bullet hits the ball python.
The sling bullet freezes the ball python.
You kill the ball python!
You feel sick.
The water moccasin completely misses you.
The ice beast hits you but does no damage.
The water moccasin completely misses you.
You shoot a sling bullet. The sling bullet hits the ice beast.
The ice beast is almost dead.
You feel sick. The water moccasin closely misses you.
The ice beast hits you but does no damage.
The water moccasin bites you but does no damage.
You shoot a sling bullet. The sling bullet hits the ice beast.
You kill the ice beast!
You feel sick. The water moccasin barely misses you.
Your Ranged Weapons skill increases to level 8!
You shoot a sling bullet.
The sling bullet hits the water moccasin.
The sling bullet freezes the water moccasin.
The water moccasin is moderately wounded.
You feel sick.
You are no longer poisoned.
The water moccasin bites you! The water moccasin bites you.
You are lethally poisoned!
The water moccasin poisons you!
You shoot a sling bullet.
The sling bullet misses the water moccasin.
You feel very sick. The water moccasin closely misses you.
You shoot a sling bullet.
The sling bullet hits the water moccasin.
The water moccasin seems to slow down.
The sling bullet freezes the water moccasin.
The water moccasin is moderately wounded.
You feel very sick. The water moccasin bites you.
You shoot a sling bullet.
The sling bullet misses the water moccasin.
You die...

. #. #.#.. #.#..
##.... ##
:.....# ..##
.......### ...
#..%$.##.#
#.S@.#..#
###....#
...##....##
#.......##
##..##...### #.#
#.....# ###.
#...#.##########
###...
##.............#
.######...##
#<####..#####.#


You could see a water moccasin (slow).

Vanquished Creatures
  Grinder (D:3)
  Sigmund (D:3)
  An ice beast (D:4)
  A black bear (D:4)
  A jelly (D:4)
  Natasha (twice) (D:3)
  4 gnolls (D:3)
  4 adders
  A white imp (D:3)
  2 worms
  A dart slug (D:3)
  6 orcs (D:3)
  14 ball pythons
  7 endoplasms
  3 giant cockroaches
  5 goblins
  8 hobgoblins
  6 jackals
  5 kobolds
  2 quokkas
  4 bats
  4 frilled lizards
  4 rats
87 creatures vanquished.

Notes
Turn   | Place    | Note
-------+----------+-------------------------------------------
     0 | D:1      | qw the Minotaur Hexslinger began the quest for the Orb.
     0 | D:1      | Reached XP level 1. HP: 16/16 MP: 1/1
     0 | D:1      | 0 ||| qw: Version: 0.3-a-51-g015441d
     0 | D:1      | 0 ||| qw: Game counter: 4225
     0 | D:1      | 0 ||| qw: Melee chars always use a shield: true
     0 | D:1      | 0 ||| qw: God list: Okawaru
     0 | D:1      | 0 ||| qw: Allow faded altars: false
     0 | D:1      | 0 ||| qw: Do Orc after clearing Dungeon:15 true
     0 | D:1      | 0 ||| qw: Do second Lair branch before Depths: true
     0 | D:1      | 0 ||| qw: Lair rune preference: random
     0 | D:1      | 0 ||| qw: Goals: Normal
     0 | D:1      | 0 ||| PLANNING D:1-11
    81 | D:1      | Reached skill level 3 in Ranged Weapons
   133 | D:1      | Reached XP level 2. HP: 23/23 MP: 2/2
   540 | D:1      | 540 ||| UPGRADING to +0 ring mail.
   550 | D:1      | 550 ||| DROPPING +0 robe.
   551 | D:1      | 551 ||| UPGRADING to +2 pair of boots.
   556 | D:1      | 556 ||| READING scroll labelled ISTEKI WOENG.
   557 | D:1      | 557 ||| READING scroll labelled FEW CEDAGGURPH.
   558 | D:1      | 558 ||| READING 2 scrolls labelled WOPHOXYXZO.
   559 | D:1      | 559 ||| DROPPING scroll of poison.
   560 | D:1      | 560 ||| DROPPING scroll of immolation.
   588 | D:2      | Reached XP level 3. HP: 29/29 MP: 3/3
   721 | D:2      | Reached skill level 4 in Ranged Weapons
   752 | D:2      | Reached skill level 1 in Armour
  1167 | D:2      | 1167 ||| READING scroll labelled QUAVOST DUCVA.
  1168 | D:2      | 1168 ||| DRINKING 2 coppery potions.
  1169 | D:2      | 1169 ||| DRINKING 3 grey potions.
  1170 | D:2      | 1170 ||| READING 2 scrolls of identify.
  1170 | D:2      | 1170 ||| IDENTIFYING emerald potion
  1171 | D:2      | 1171 ||| DROPPING potion of lignification.
  1207 | D:3      | Reached XP level 4. HP: 36/36 MP: 4/4
  1317 | D:3      | Reached skill level 5 in Ranged Weapons
  1331 | D:3      | Noticed Sigmund
  1351 | D:3      | 1351 ||| FLEEEEING.
  1352 | D:3      | 1352 ||| FLEEEEING.
  1353 | D:3      | 1353 ||| FLEEEEING.
  1368 | D:3      | Killed Sigmund
  1369 | D:3      | Reached XP level 5. HP: 19/47 MP: 5/5
  1369 | D:3      | Reached XP level 6. HP: 22/55 MP: 6/6
  1636 | D:3      | Found a faded altar of an unknown god.
  1744 | D:3      | Found Errie's Distillery.
  1762 | D:3      | Found Liceymyux's General Store.
  1763 | D:3      | 1763 ||| BUYING potion of curing (39 gold).
  1763 | D:3      | Bought a potion of curing for 39 gold pieces
  1763 | D:3      | 1763 ||| SHOPLISTING potion of enlightenment (65 gold, have
                  | 37).
  1763 | D:3      | 1763 ||| SHOPLISTING potion of might (52 gold, have 37).
  1763 | D:3      | 1763 ||| SHOPLISTING potion of mutation (104 gold, have
                  | 37).
  1768 | D:3      | 1768 ||| SHOPLISTING potion of heal wounds (70 gold, have
                  | 37).
  1768 | D:3      | 1768 ||| SHOPLISTING potion of mutation (112 gold, have
                  | 37).
  1768 | D:3      | 1768 ||| BUYING scroll of identify (28 gold).
  1768 | D:3      | Bought a scroll of identify for 28 gold pieces
  1768 | D:3      | 1768 ||| SHOPLISTING scroll of teleportation (42 gold, have
                  | 9).
  1816 | D:3      | 1816 ||| FLEEEEING.
  1876 | D:3      | 1876 ||| UPGRADING to +0 robe of cold resistance.
  1886 | D:3      | 1886 ||| Stepping ~*~*~tactically~*~*~ (water).
  1899 | D:3      | Found a shimmering altar of Xom.
  1967 | D:3      | Found Hiesh's Magic Scroll Shoppe.
  1976 | D:3      | 1976 ||| SHOPLISTING scroll of acquirement (676 gold, have
                  | 19).
  1976 | D:3      | 1976 ||| SHOPLISTING scroll of enchant weapon (97 gold,
                  | have 19).
  1976 | D:3      | 1976 ||| SHOPLISTING scroll of teleportation (39 gold, have
                  | 19).
  2049 | D:3      | Identified the +3 ring mail of Sorcery {rElec rF+ rC+ rN+}
  2051 | D:3      | 2051 ||| DROPPING +0 ring mail.
  2052 | D:3      | 2052 ||| UPGRADING to +3 ring mail of Sorcery {rElec rF+
                  | rC+ rN+}.
  2062 | D:3      | 2062 ||| DROPPING +0 robe of cold resistance.
  2141 | D:3      | Found Wuusoesauf's Armour Boutique.
  2243 | D:3      | Noticed Grinder
  2257 | D:3      | Killed Grinder
  2258 | D:3      | Reached skill level 6 in Ranged Weapons
  2258 | D:3      | Reached XP level 7. HP: 30/60 MP: 7/7
  2684 | D:3      | Noticed Natasha
  2685 | D:3      | 2685 ||| FLEEEEING.
  2686 | D:3      | 2686 ||| FLEEEEING.
  2687 | D:3      | 2687 ||| FLEEEEING.
  2688 | D:3      | 2688 ||| FLEEEEING.
  2693 | D:3      | Killed Natasha
  2694 | D:3      | Reached skill level 7 in Ranged Weapons
  2883 | D:3      | Noticed Natasha
  2888 | D:3      | Killed Natasha
  2972 | D:3      | 2972 ||| READING scroll labelled UBYTECERPHI.
  2977 | D:3      | 2977 ||| READING 3 scrolls of identify.
  2977 | D:3      | 2977 ||| IDENTIFYING brown potion
  2978 | D:3      | 2978 ||| READING 2 scrolls of identify.
  2978 | D:3      | 2978 ||| IDENTIFYING bubbling coppery potion
  2979 | D:3      | 2979 ||| DROPPING potion of attraction.
  3173 | D:4      | Reached skill level 8 in Ranged Weapons
  3173 | D:4      | HP: 13/60 [water moccasin (8)]
  3175 | D:4      | HP: 4/60 [poisoned by a water moccasin]
  3176 | D:4      | Succumbed to a water moccasin's poison

Levels and vault maps discovered:
D:1:      ebering_trefoil_3fold, layout_basic
D:2:      layout_basic, lemuel_flame_loot_1
D:3:      layout_loops_ring, tgw_xom, shapermc_ecumenical_altar_ellora,
          serial_shops, shop, shop, nicolae_shop_hallway_stairs, shop,
          grunt_ministairs_14, uniq_sigmund, uniq_natasha, uniq_grinder
D:4:      cheibrodos_quashed, layout_rooms, uniq_edmund

Skill      XL: |  1  2  3  4  5  6  7 |
---------------+----------------------+-----
Ranged Weapons | 3 4 5 6 8 |  8.2
Fighting       | 2 4 |  4.9
Armour         | 1 |  1.2
Dodging        | |  2.1
Spellcasting   | |  1.0
Hexes          | |  2.0

Action                     |  1- 3 |  4- 6 |  7- 9 || total
---------------------------+-------+-------+-------++-------
   Fire: Sling             |   110 |   124 |    42 ||   276
    Use: Scroll            |     5 |       |     3 ||     8
         Potion            |     2 |       |       ||     2
 Armour: Robe              |     3 |       |       ||     3
         Ring mail         |    13 |    15 |    19 ||    47
  Dodge: Dodged            |    22 |    27 |    22 ||    71

Table legend:
 A = Non-vault XP
 B = Vault XP
 C = Vault XP percentage of total XP
 D = Non-vault monster count
 E = Vault monster count
 F = Vault count percentage of total count
                 A         B        C        D         E       F
            +---------+---------+-------+---------+---------+-------
      Total |     560 |     546 |  49.4 |      77 |      10 |  11.5
            +---------+---------+-------+---------+---------+-------
        D:1 |      27 |       0 |   0.0 |      16 |       0 |   0.0
        D:2 |      62 |       0 |   0.0 |      22 |       0 |   0.0
        D:3 |     174 |     546 |  75.8 |      33 |      10 |  23.3
        D:4 |     297 |       0 |   0.0 |       6 |       0 |   0.0
            +---------+---------+-------+---------+---------+-------
